 Dungeon Crawl Stone Soup version 0.21.1-1-g345015f (webtiles) character file.

12192 Monsterracer the Frost Mage (level 11, -30/79 (80) HPs)
             Began as a Demonspawn Ice Elementalist on July 10, 2018.
             Was a Priest of Fedhas.
             Annihilated by an orc knight
             ... wielding a cursed -2 great sword
              (37 damage)
             ... on level 2 of the Orcish Mines.
             The game lasted 00:41:47 (14718 turns).

Monsterracer the Frost Mage (DsIE)                 Turns: 14718, Time: 00:41:48

HP:   -30/79 (80)   AC: 18    Str:  9    XL:     11   Next: 59%
MP:   5/22          EV: 11    Int: 20    God:    Fedhas [***...]
Gold: 325           SH:  5    Dex: 13    Spells: 13/25 levels left

rFire    + . .     SeeInvis +   b - +1 eveningstar (protect)
rCold    + . .     Gourm    .   G - +0 buckler {rPois}
rNeg     . . .     Faith    .   H - +3 leather armour {rF+}
rPois    +         Spirit   .   y - +2 helmet
rElec    .         Reflect  .   (no cloak)
rCorr    .         Harm     .   m - +1 pair of gloves
MR       .....                  g - +1 pair of boots
Stlth    ++........             h - amulet of regeneration
HPRegen  0.63/turn              f - ring of wizardry
MPRegen  0.18/turn              M - ring "Suquorin" {rC+ AC+3 SInv}

@: drained
A: hooves 1, icy blue scales 1, nightstalker 1, powered by death 1
a: Fungal Bloom, Evolution, Sunlight, Growth, Renounce Religion


You were on level 2 of the Orcish Mines.
You worshipped Fedhas.
Fedhas was most pleased with you.
You were hungry.

You visited 2 branches of the dungeon, and saw 14 of its levels.

You collected 650 gold pieces.
You spent 325 gold pieces at shops.

Inventory:

Hand Weapons
 a - the +5 hand crossbow of Fegragg {venom, +Inv MR+ Int+2}
   (You found it on level 4 of the Dungeon)

   It poisons the ammo it fires.
   It affects your intelligence (+2).
   It affects your resistance to hostile enchantments.
   It lets you turn invisible.
 b - a +1 eveningstar of protection (weapon)
Missiles
 t - 45 bolts
Armour
 g - a +1 pair of boots (worn)
 m - a +1 pair of gloves (worn)
 y - a +2 helmet (worn)
 G - a +0 buckler of poison resistance (worn)
 H - a +3 leather armour of fire resistance (worn)
 O - a +2 robe of cold resistance
Jewellery
 f - a ring of wizardry (left hand)
 h - an amulet of regeneration (around neck)
 r - an uncursed ring of protection from magic {!d}
 M - the ring "Suquorin" (right hand) {rC+ AC+3 SInv}
   (You found it on level 10 of the Dungeon)

   [ring of protection]

   It affects your AC (+3).
   It protects you from cold.
   It lets you see invisible.
 N - an uncursed ring of flight
 P - the ring "Akops" {rElec rPois MR+ Int-5 Dex-2}
   (You found it on level 6 of the Dungeon)

   [ring of dexterity]

   It affects your intelligence (-5).
   It affects your dexterity (-2).
   It insulates you from electricity.
   It protects you from poison.
   It affects your resistance to hostile enchantments.
Wands
 v - a wand of paralysis (23)
 z - a wand of enslavement (7)
 C - a wand of iceblast (5)
 D - a wand of acid (19)
 K - a wand of disintegration (10)
Scrolls
 j - a scroll of magic mapping {!r}
 A - 3 scrolls of remove curse
 F - 2 scrolls of fog
Potions
 d - 5 potions of curing
 e - 3 potions of ambrosia {!q}
 i - a potion of experience {unknown}
 k - 4 potions of might
 l - 3 potions of magic
 n - 2 potions of brilliance
 s - 2 potions of resistance
 u - a potion of mutation {unknown}
 x - 2 potions of heal wounds
 B - a potion of haste {unknown}
 E - 2 potions of agility
 I - a potion of invisibility {unknown}
 J - a potion of flight {unknown}
 L - a potion of lignification {unknown}
Comestibles
 c - 19 rations
 o - 2 chunks of flesh


   Skills:
 + Level 5.6(5.0) Fighting
   Level 2.0(1.4) Long Blades
 * Level 3.4(2.9) Maces & Flails
 + Level 7.3(6.7) Crossbows
 + Level 0.8(0.3) Armour
 + Level 2.1(1.6) Dodging
 - Level 1.7(1.2) Stealth
 - Level 5.0(4.4) Shields
 - Level 7.5(6.9) Spellcasting
 - Level 3.0(2.5) Conjurations
 - Level 3.0(2.5) Summonings
 - Level 10.1(9.4) Ice Magic
 + Level 0.6(0.1) Invocations


You had 13 spell levels left.
You knew the following spells:

 Your Spells              Type           Power        Failure   Level  Hunger
a - Freeze                Ice            ####         1%          1    None
c - Ozocubu's Armour      Chrm/Ice       ####....     2%          3    #......
d - Throw Icicle          Conj/Ice       ####....     4%          4    ###....
f - Summon Ice Beast      Ice/Summ       ####....     4%          4    ###....


Dungeon Overview and Level Annotations

Branches:
Dungeon (12/15)            Temple (0/1) D:6             Orc (2/2) D:12
   Lair: D:8-11         Elf: Orc:2

Altars:
Cheibriados
Dithmenos
Elyvilon
Fedhas
Makhleb
Okawaru
Yredelemnul
Zin
The Shining One
Beogh

Shops:
D:5 [   D:6 %

Annotations:
D:8 1 transporter


Innate Abilities, Weirdness & Mutations

You have large cloven feet.
You are partially covered in icy blue scales. (AC +2)
You are slightly more attuned to the shadows.
You regenerate a little health from kills.


Message History

The tomahawk of returning hits you!
The weapon returns to the orc warrior!
The orc sorcerer mumbles some strange words.
The orc priest hits you but does no damage.
The orc hits you but does no damage. x2
The orc sorcerer hits you but does no damage.
An orc comes into view. It is wielding a flail.
Your surroundings suddenly seem different.
An orc warrior comes into view. It is wielding a glaive.
The orc warrior shouts!
An orc comes into view.
It is wielding a short sword of freezing.
The orc shouts!
An orc comes into view.
The orc shouts!
An orc comes into view.
The orc shouts!
An orc priest comes into view.
The orc priest shouts!
An orc priest comes into view. It is wielding a flail.
The orc priest invokes the aid of Beogh against you.
Beogh smites you!
* * * LOW HITPOINT WARNING * * *
The orc throws a tomahawk of dispersal.
The tomahawk of dispersal hits you but does no damage.
An orc priest comes into view.
The orc priest shouts!
An orc comes into view. It is wielding a flail.
The orc shouts!
An orc priest comes into view. It is wielding a hand axe of flaming.
The orc priest shouts!
You hear a shout!
An orc warrior comes into view. It is wielding a halberd.
The orc warrior shouts!
An orc wizard comes into view. It is wielding a dagger.
The orc wizard shouts!
You hear a shout! x8 7 orcs come into view.
You hear a shout!
The orc sorcerer shouts!
You hear a shout!
The orc wizard shouts!
You hear a shout! x3
The orc wizard mumbles some strange words.
The orc wizard seems to speed up.
An orc warrior comes into view. It is wielding a mace.
The orc warrior shouts!
You hear a shout! x3
An orc, an orc knight and an orc warlord come into view.
The orc warlord is wielding a great sword of holy wrath.
You hear a shout! x2
The orc warrior hits you with a hand axe.
* * * LOW HITPOINT WARNING * * *
The orc knight roars a battlecry!
The orcs go into a battle-frenzy!
The orc hits you but does no damage.
You hear a shout! x2
An orc warrior and an orc wizard come into view.
The orc wizard hits you but does no damage.
The orc warrior hits you from afar with a glaive.
* * * LOW HITPOINT WARNING * * *
The orc priest mumbles some strange prayers to Beogh against you.
You struggle to resist.
The orc priest hits you.
* * * LOW HITPOINT WARNING * * *
The orc warrior hits you but does no damage.
The orc wizard hits you but does no damage.
The orc hits you but does no damage.
The orc warlord roars a battlecry!
The orcs go into a battle-frenzy!
The orc hits you with a short sword of freezing.
* * * LOW HITPOINT WARNING * * *
You hear a shout!
You can move again.
An orc comes into view. It is wielding a club.
You take 30 damage, and have 20/79 hp.
MASSIVE DAMAGE!!
Unknown command.
Unknown command.
Unknown command.
Okay, then. 3 orcs, an orc warrior and an orc priest come into view.
The orc shouts!
You hear a shout! x2
The orc priest hits you but does no damage.
The orc sorcerer barely misses you.
The orc priest calls down the wrath of Beogh upon you.
Beogh smites you!
* * * LOW HITPOINT WARNING * * *
The orc warrior barely misses you.
An orc warrior comes into view. It is wielding a halberd.
You take 11 damage, and have 9/79 hp.
An orc warrior, 3 orc priests, an orc high priest and an orc knight come into view.
An orc priest is wielding a mace of protection.
The orc priest shouts! x2; The orc warrior shouts!
You hear a shout!
The orc priest mumbles some strange prayers to Beogh against you.
You struggle to resist.
The orc priest moves out of view.
The orc knight roars a battlecry!
The orcs go into a battle-frenzy!
The orc warrior completely misses you. The orc priest closely misses you.
You hear a shout!
An orc comes into view. It is wielding a mace.
The orc shouts!
An orc knight comes into view.
It is wielding an enchanted great sword.
You barely miss the orc warrior. The orc priest hits you.
* * * LOW HITPOINT WARNING * * *
The orc warrior hits you with a halberd.
* * * LOW HITPOINT WARNING * * *
The orc knight hits you with a great sword!!!
You die...
Fedhas appreciates your contribution to the ecosystem.

...... o.oo..
###### ..oo.o
.....#
o.oo.o###.o...#
....oooooo....#


...oooooooo...# ....oo@ooo.#### ....oo###o.# ..o... ..# ...... ..# o⌠.... o.#
oo.... ..# o..... You could see an orc warlord, 3 orc knights, an orc high
priest, an orc sorcerer, 8 orc warriors, 9 orc priests, 2 orc wizards and 13
orcs.

Vanquished Creatures
  Erolcha (D:10)
  Fannar (D:10)
  A two-headed ogre (D:9)
  A centaur zombie (D:10)
  2 rime drakes (D:11)
  Grinder (D:6)
  2 hornets (D:11)
  4 hippogriffs
  3 yaks (D:11)
  A wyvern (D:9)
  A steam dragon (D:10)
  2 water moccasins
  5 orc warriors
  An ice beast (D:12)
  2 eyes of draining
  6 sky beasts
  6 ogres
  A necrophage (D:7)
  A phantom (D:7)
  2 centaurs
  5 bullfrogs
  5 scorpions
  5 killer bees (D:8)
  4 wights (D:9)
  A vampire bat (D:4)
  4 crimson imps
  10 howler monkeys
  A bullfrog zombie (D:10)
  A jelly (D:7)
  15 orc wizards
  3 orc priests (D:7)
  8 hounds
  3 bullfrog skeletons
  6 worker ants
  An iguana (D:4)
  A hound skeleton (D:7)
  9 adders
  2 adder skeletons
  An adder zombie (D:8)
  4 worms
  2 dart slugs
  5 leopard geckos
  47 orcs
  2 ball pythons
  11 bats
  6 giant cockroaches
  9 goblins
  7 hobgoblins
  5 jackals
  7 kobolds
  10 quokkas
  7 frilled lizards
  A giant cockroach zombie (D:2)
  8 rats
260 creatures vanquished.

Vanquished Creatures (collateral kills)
  The ghost of Amon001 the Fighter, a novice GnWn of Okawaru (D:9)
  Urug (D:10)
  A gargoyle (D:9)
  A troll (D:10)
  A hornet (D:11)
  3 yaks (D:11)
  A soldier ant (D:11)
  Menkaure (D:6)
  An orc warrior (Orc:1)
  2 ice beasts
  A phantom (D:5)
  A necrophage (D:9)
  3 ogres (Orc:1)
  A crocodile (D:9)
  A big kobold (D:11)
  2 killer bees (D:8)
  A wight (D:9)
  A howler monkey (D:10)
  A vampire bat (D:4)
  A crimson imp (D:11)
  2 hounds
  5 orc priests
  An iguana (D:5)
  3 orc wizards
  9 orcs
  A quokka (D:5)
  3 kobolds (D:11)
  A butterfly (D:6)
51 creatures vanquished.

Vanquished Creatures (others)
  5 wandering mushrooms
  109 toadstools
114 creatures vanquished.

Grand Total: 425 creatures vanquished

Notes
Turn   | Place    | Note
-------+----------+-------------------------------------------
     0 | D:1      | Monsterracer the Demonspawn Ice Elementalist began the quest for the Orb.
     0 | D:1      | Reached XP level 1. HP: 13/13 MP: 3/3
   149 | D:1      | Reached skill level 3 in Ice Magic
   310 | D:1      | Gained mutation: You are slightly more attuned to the shadows. [demonic ancestry]
   310 | D:1      | Reached XP level 2. HP: 15/19 MP: 0/5
  1242 | D:1      | Reached XP level 3. HP: 22/24 MP: 3/6
  1247 | D:1      | Learned a level 3 spell: Ozocubu's Armour
  1432 | D:2      | HP: 12/24 [worm (4)]
  2304 | D:2      | Found a shadowy altar of Dithmenos.
  2306 | D:2      | Found a white marble altar of Elyvilon.
  2311 | D:2      | Found an iron altar of Okawaru.
  2313 | D:2      | Found a faded altar of an unknown god.
  2314 | D:2      | Found a faded altar of an unknown god.
  2327 | D:2      | Became a worshipper of Fedhas Madash
  2327 | D:2      | Reached * piety under Fedhas
  2626 | D:3      | Reached skill level 4 in Ice Magic
  2626 | D:3      | Reached XP level 4. HP: 23/30 MP: 2/8
  2633 | D:3      | Learned a level 4 spell: Summon Ice Beast
  3096 | D:3      | Reached skill level 1 in Summonings
  3096 | D:3      | Reached XP level 5. HP: 29/35 MP: 3/9
  3787 | D:4      | Got a crystal hand crossbow
  3803 | D:4      | Identified the +5 hand crossbow of Fegragg {venom, +Inv MR+ Int+2} (You found it on level 4 of the Dungeon)
  3967 | D:4      | Noticed a hippogriff
  3982 | D:4      | Killed a hippogriff
  3982 | D:4      | Reached skill level 1 in Crossbows
  3982 | D:4      | Reached skill level 5 in Ice Magic
  3982 | D:4      | Reached XP level 6. HP: 41/41 MP: 11/11
  4109 | D:4      | Learned a level 4 spell: Throw Icicle
  4517 | D:4      | Gained mutation: You regenerate a little health from kills. [demonic ancestry]
  4517 | D:4      | Reached XP level 7. HP: 39/46 MP: 7/12
  4720 | D:4      | Found the +4 Vampire's Tooth {vamp}
  5321 | D:5      | Entered Level 5 of the Dungeon
  5343 | D:5      | Reached skill level 6 in Ice Magic
  5788 | D:5      | Found a burning altar of Makhleb.
  5998 | D:5      | Found Laem Ick's Antique Armour Shop.
  6301 | D:6      | Found Zat Pymp's Food Emporium.
  6402 | D:6      | Noticed Menkaure
  6408 | D:6      | HP: 23/46 [??? (20)]
  6409 | D:6      | Killed Menkaure
  6493 | D:6      | Gained mutation: You are partially covered in icy blue scales. (AC +2) [demonic ancestry]
  6493 | D:6      | Reached XP level 8. HP: 51/52 MP: 11/14
  6758 | D:6      | Reached ** piety under Fedhas
  6802 | D:6      | Found an iron altar of Okawaru.
  6864 | D:6      | Found a staircase to the Ecumenical Temple.
  7014 | D:6      | Reached skill level 7 in Ice Magic
  7024 | D:6      | Got a shimmering ivory ring
  7026 | D:6      | Identified the cursed ring "Akops" {rElec rPois MR+ Int-5 Dex-2} (You found it on level 6 of the Dungeon)
  7081 | D:6      | Got an ichor-stained quarterstaff
  7123 | D:6      | Identified the +5 quarterstaff of Leli {flame, rN+ Str+5} (You found it on level 6 of the Dungeon)
  7167 | D:6      | Noticed Grinder
  7191 | D:6      | Killed Grinder
  7191 | D:6      | Reached skill level 5 in Spellcasting
  7879 | D:7      | Reached XP level 9. HP: 54/57 MP: 13/17
  7906 | D:7      | HP: 19/57 [orc priest/divine providence (12)]
  7926 | D:7      | Reached skill level 8 in Ice Magic
  8351 | D:7      | Reached skill level 1 in Fighting
  8668 | D:8      | HP: 30/60 [killer bee (3)]
  8673 | D:8      | HP: 17/61 [poisoned by a killer bee]
  8678 | D:8      | HP: 21/61 [poisoned by a killer bee]
  8684 | D:8      | HP: 22/61 [poisoned by a killer bee]
  8689 | D:8      | HP: 22/61 [poisoned by a killer bee]
  8694 | D:8      | HP: 23/61 [poisoned by a killer bee]
  8700 | D:8      | HP: 29/61 [poisoned by a killer bee]
  8836 | D:8      | Found a glowing silver altar of Zin.
  8845 | D:8      | Found a glowing golden altar of the Shining One.
  8906 | D:8      | Reached skill level 5 in Crossbows
  8922 | D:8      | Reached skill level 9 in Ice Magic
  9359 | D:8      | Found a transporter.
  9370 | D:8      | Found the +9 scales of the Dragon King {rPois rF+ rC+ MR+}
  9559 | D:8      | Found a basalt altar of Yredelemnul.
  9798 | D:5      | Bought a runed buckler for 195 gold pieces
  9798 | D:5      | Bought a glowing leather armour for 130 gold pieces
  9913 | D:9      | Reached skill level 1 in Shields
 10042 | D:9      | Found a snail-covered altar of Cheibriados.
 10086 | D:9      | You fall through a shaft for 3 floors!
 10255 | D:12     | HP: 31/62 [orc warrior/trident of pain (12)]
 10260 | D:12     | Gained mutation: You have large cloven feet. [demonic ancestry]
 10260 | D:12     | Reached XP level 10. HP: 24/69 MP: 8/19
 10261 | D:12     | HP: 13/69 [orc wizard/dagger of electrocution (14)]
 10261 | D:12     | HP: 4/69 [orc wizard/dagger of electrocution (9)]
 10404 | D:12     | Noticed a four-headed hydra
 10462 | D:12     | Noticed a cyclops
 10605 | D:10     | Entered Level 10 of the Dungeon
 10609 | D:10     | Noticed Erolcha
 10856 | D:9      | Noticed a two-headed ogre
 10869 | D:9      | Killed a two-headed ogre
 10869 | D:9      | Reached skill level 5 in Shields
 10913 | D:9      | Noticed Amon001's ghost (novice GnWn)
 11238 | D:9      | Killed Amon001's ghost
 11983 | D:10     | Noticed a gargoyle
 12131 | D:10     | Got a translucent granite ring
 12154 | D:9      | Identified the ring "Suquorin" {rC+ AC+3 SInv} (You found it on level 10 of the Dungeon)
 12196 | D:9      | Killed a gargoyle
 12288 | D:10     | HP: 34/70 [centaur/arrow (13)]
 12406 | D:10     | Reached skill level 1 in Long Blades
 12455 | D:10     | Killed Erolcha
 12455 | D:10     | Reached skill level 10 in Ice Magic
 12535 | D:10     | Reached XP level 11. HP: 76/76 MP: 9/21
 12785 | D:10     | Noticed Urug
 12833 | D:10     | HP: 35/77 [Urug/eveningstar of protection (8)]
 12834 | D:10     | Killed Urug
 13313 | D:11     | Noticed Fannar
 13348 | D:11     | Reached skill level 1 in Maces & Flails
 13349 | D:11     | Reached skill level 5 in Fighting
 13655 | D:11     | Noticed a white ugly thing
 13801 | D:10     | HP: 39/78 [ice beast[Fannar] (4)]
 13806 | D:10     | Killed Fannar
 13917 | D:11     | Paralysed by a hornet for 3 turns
 13920 | D:11     | HP: 39/79 [poisoned by a hornet]
 13927 | D:11     | HP: 36/79 [soldier ant (5)]
 13932 | D:11     | HP: 36/79 [poisoned by a hornet]
 13937 | D:11     | HP: 28/79 [poisoned by a hornet]
 13944 | D:11     | HP: 31/79 [poisoned by a hornet]
 13952 | D:11     | HP: 34/79 [poisoned by a hornet]
 14262 | D:11     | Reached *** piety under Fedhas
 14516 | D:12     | Noticed a red ugly thing
 14522 | D:12     | Found a staircase to the Orcish Mines.
 14555 | Orc:1    | Entered Level 1 of the Orcish Mines
 14690 | Orc:1    | Found a roughly hewn altar of Beogh.
 14699 | Orc:1    | Noticed a sun demon
 14699 | Orc:1    | Noticed an orc high priest
 14699 | Orc:1    | Noticed a sun demon
 14700 | Orc:1    | Noticed an orc knight
 14703 | Orc:1    | Noticed an orc sorcerer
 14708 | Orc:2    | Entered Level 2 of the Orcish Mines
 14709 | Orc:2    | Paralysed by an orc sorcerer for 7 turns
 14712 | Orc:2    | HP: 31/79 [orc priest/divine providence (11)]
 14713 | Orc:2    | Noticed an orc sorcerer
 14714 | Orc:2    | Noticed an orc warlord
 14714 | Orc:2    | Noticed an orc knight
 14716 | Orc:2    | HP: 9/79 [orc priest/divine providence (11)]
 14717 | Orc:2    | Noticed an orc high priest
 14717 | Orc:2    | Noticed an orc knight
 14718 | Orc:2    | Noticed an orc knight
 14718 | Orc:2    | Annihilated by an orc knight

Skill      XL: |  1  2  3  4  5  6  7  8  9 10 11 |
---------------+----------------------------------+-----
Ice Magic      | 3 4 5 6 7 9 10 | 10.1
Spellcasting   | 3 4 5 6 7 |  7.5
Summonings     | 1 2 3 |  3.0
Crossbows      | 1 2 4 5 6 7 |  7.3
Conjurations   | 3 |  3.0
Fighting       | 2 4 5 |  5.6
Shields        | 1 5 |  5.0
Long Blades    | 1 2 |  2.0
Maces & Flails | 3 |  3.4
Dodging        | 2 |  2.1
Armour         | |  0.8
Stealth        | |  1.7
Invocations    | |  0.6

Action                   |  1- 3 |  4- 6 |  7- 9 | 10-12 || total
-------------------------+-------+-------+-------+-------++-------
Melee: Unarmed           |    18 |       |       |       ||    18
       Short sword       |    19 |       |       |       ||    19
       Dagger            |    15 |    64 |    42 |       ||   121
       Quarterstaff      |       |       |   137 |     4 ||   141
       Trident           |       |       |       |    55 ||    55
       Long sword        |       |       |       |    44 ||    44
       Eveningstar       |       |       |       |   168 ||   168
 Fire: Hand crossbow     |       |     3 |     2 |    36 ||    41
 Cast: Freeze            |    45 |    75 |   171 |   141 ||   432
       Throw Icicle      |       |     1 |     5 |    31 ||    37
       Ozocubu's Armour  |       |       |    13 |    11 ||    24
       Summon Ice Beast  |       |       |       |    33 ||    33
Invok: Fungal Bloom      |       |     7 |     8 |    15 ||    30
       Evolution         |       |     2 |     1 |     2 ||     5
  Use: Scroll            |     2 |     6 |     8 |     6 ||    22
 Stab: Sleeping          |     5 |     1 |    10 |     2 ||    18
       Distracted        |       |       |       |     5 ||     5
  Eat: Chunk             |     4 |     4 |    10 |    22 ||    40
       Ration            |       |     1 |     4 |       ||     5
Armor: Robe              |    20 |    28 |   166 |       ||   214
       Leather armour    |       |       |     3 |   346 ||   349
Dodge: Dodged            |    41 |    86 |   216 |   333 ||   676
Block: Buckler           |       |       |       |   160 ||   160
       Rpst.: Long sword |       |       |       |    14 ||    14

Vault maps used:
D:1:      dpeg_arrival_oval
D:2:      chequers_temple_overflow_minitemple
D:3:      first_ration
D:4:      kennysheep_diamond, minmay_guarded_unrand_vampires_tooth
D:5:      lemuel_crystal_altar, serial_shops, nicolae_shop_window_shopping
D:6:      kennysheep_spiral_hall, minmay_temple_entry_butterflies, serial_shops,
          shop, okawaru_trees_2, uniq_menkaure, uniq_grinder
D:8:      gammafunk_beogh_shrine, amethyst_overflow_temple_binary,
          lemuel_doored_altar
D:9:      basic_altar
D:10:     uniq_urug, uniq_erolcha
D:11:     lair_entry_dummy, portal_ice_cave_rime, hangedman_pestilent_swarm,
          kennysheep_decorative_pillar, uniq_fannar
D:12:     orc_0_dummy, grunt_ministairs_6
Orc:1:    basic_altar
Orc:2:    st_orc_congregation, enter_volcano_4, basic_altar, bloody_makhleb
